 Dungeon Crawl Stone Soup version 0.17.1-3-g152610e (webtiles) character file.

38138 manyhoops the Carver (level 13, -1/154 HPs)
             Began as a Demonspawn Gladiator on Apr 25, 2016.
             Was the Champion of Okawaru.
             Slain by an orange demon (3 damage)
             ... summoned by an orc sorcerer
             ... on level 4 of the Orcish Mines.
             The game lasted 00:52:20 (17688 turns).

manyhoops the Carver (Demonspawn Gladiator)        Turns: 17688, Time: 00:52:20

Health: -1/154     AC:  2    Str: 19    XL:     13   Next: 62%
Magic:  0/9        EV:  2    Int: 11    God:    Okawaru [******]
Gold:   1335       SH:  7    Dex: 16    Spells: 0 memorised, 12 levels left

rFire  . . .     SeeInvis .     i - +6 demon blade (antimagic)
rCold  . . .     Clarity  .     (armour currently unavailable)
rNeg   + + +     SustAt   .     l - +2 buckler
rPois  +         Gourm    .     (helmet currently unavailable)
rElec  .         Spirit   +     (cloak currently unavailable)
rCorr  .         Warding  .     (gloves currently unavailable)
rMut   .         NoTele   +     (boots unavailable)
MR     +....                    D - amulet of rage
Stlth  ++........               F - +4 ring of evasion
                                C - ring of magical power

@: lethally poisoned (-1 -> -6), tree-form, weakened, corroded equipment,
drained, somewhat resistant to hostile enchantments, unstealthy
A: (horns 0), (talons 0), thin skeletal structure 1, (cold resistance 0),
demonic guardian 1, magic resistance 1, spit poison 1, evolution 1, magic
shield, magic regeneration
a: Spit Poison, Heroism, Finesse, Renounce Religion, Evoke Berserk Rage


You were on level 4 of the Orcish Mines.
You worshipped Okawaru.
Okawaru was exalted by your worship.
You were not hungry.
You were a tree.
You visited 4 branches of the dungeon, and saw 19 of its levels.
You also visited: Bailey.

You collected 1573 gold pieces.
You spent 238 gold pieces at shops.

Inventory:

Hand Weapons
 i - a +6 antimagic demon blade (weapon)
 U - a +0 spear
 V - the +0 demon blade of Ceajedgha {drain, +Fly Str+6 Int-2}
   (Okawaru gifted it to you on level 11 of the Dungeon)

   A truly terrible weapon, it drains the life of those it strikes.
   It affects your strength (+6).
   It affects your intelligence (-2).
   It lets you fly.
Missiles
 d - 4 throwing nets (quivered)
 g - 7 javelins of returning
Armour
 c - a +0 helmet
 l - a +2 buckler (worn)
 m - a +0 pair of gloves (melded)
 y - a +2 chain mail of magic resistance (melded)
Jewellery
 w - an uncursed amulet of warding
 C - a ring of magical power (left branch)
 D - an amulet of rage (around neck)
 F - a +4 ring of evasion (right branch)
Wands
 h - a wand of paralysis (4)
 K - a wand of polymorph (7)
 N - a wand of slowing (31)
 O - a wand of lightning (11)
 Q - a wand of disintegration (15)
 S - a wand of cold (11)
 W - a wand of teleportation (2)
 Z - a wand of confusion (24)
Scrolls
 k - 11 scrolls of remove curse
 t - 2 scrolls of teleportation
 x - 3 scrolls of magic mapping
 G - 2 scrolls of amnesia
Potions
 a - a potion of heal wounds
 b - 2 potions of cure mutation
 e - a potion of berserk rage
 f - 2 potions of curing
 o - 5 potions of brilliance
 s - 4 potions of might
 u - 5 potions of agility
 z - 2 potions of cancellation
 A - a potion of invisibility
 H - 2 potions of lignification
 L - a potion of resistance
 P - a potion of haste
Miscellaneous
 I - a sack of spiders
Comestibles
 j - 6 chunks of flesh
 q - 4 meat rations


   Skills:
 + Level 10.0(8.8) Fighting
 - Level 14.6(13.2) Long Blades
 - Level 0.3(0.0) Polearms
 - Level 1.7(0.7) Throwing
 + Level 9.2(8.0) Armour
 - Level 2.6(1.6) Dodging
 - Level 4.9(3.8) Shields
 - Level 7.4(6.3) Invocations


You had 12 spell levels left.
You didn't know any spells.

Dungeon Overview and Level Annotations

Branches:
Dungeon (11/15)            Temple (1/1) D:5            Lair (3/8) D:9
  Swamp (0/4) Lair:3          Orc (4/4) D:11            Elf (0/3) Orc:3
  Snake: Lair:3-6    Spider: Lair:3-6

Altars:
Ashenzari
Cheibriados
Dithmenos
Elyvilon
Fedhas
Gozag
Kikubaaqudgha
Makhleb
Nemelex Xobeh
Okawaru
Qazlal
Ru
Sif Muna
Trog
Vehumet
Xom
Yredelemnul
Zin
The Shining One
Beogh

Shops:
D:6 *%   Orc:4 :!

Portals:
Trove: D:10 (give +5 fire dragon armour)

Annotations:
D:3 Menkaure


Innate Abilities, Weirdness & Mutations

((You have claws for feet.))
You have a somewhat thin skeletal structure (Dex +2, Stealth).
((Your flesh is cold resistant.))
A weak demonic guardian rushes to your aid.
When hurt, damage is shared between your health and your magic reserves.
You regenerate magic rapidly.
((You have a pair of small horns on your head.))
You are resistant to hostile enchantments.
You can spit weak poison.
You evolve.


Message History

* * * LOW HITPOINT WARNING * * *
You feel sick. The orange demon stings you from afar.
* * * LOW HITPOINT WARNING * * *
The orc warrior hits you with a scimitar.
* * * LOW HITPOINT WARNING * * *
The rust devil hits you.
* * * LOW HITPOINT WARNING * * *
The rust devil corrodes you!
You turn into a tree.
Your +0 pair of gloves melds into your body.
Your +2 chain mail of magic resistance melds into your body.
You feel less resistant to hostile enchantments.
Your roots penetrate the ground.
* * * LOW HITPOINT WARNING * * *
You feel sick.
The orc sorcerer mumbles some strange words.
The orc priest barely misses you. You block the orc sorcerer's attack.
The ynoxinul gestures.
The orange demon stings you from afar.
You die...

##.................
#..................
*#....8.......∩....
*#.............)..
##.8.∩.8..........
#..55.............
####3.48..........#.
##.#o4...............
#..o♣o4..............
##<##o...............
######......#.......
####*##.#.....#......
##.#.##.))....o.......
#......#)#......o.....
##........#...........
*#.........#.........#.
#.........#............


You could see an orange demon, a rust devil, a sixfirhy, a ynoxinul, 2 orc
sorcerers, an orc warrior, an orc priest and 2 ufetubi.

Vanquished Creatures
  Harold (D:11)
  A hydra (Lair:3)
  A deep elf knight (D:11)
  A hill giant (D:11)
  An orc sorcerer (Orc:4)
  3 orc knights
  A centaur zombie (D:10)
  Joseph (D:7)
  5 spiny frogs
  2 black mambas (Lair:1)
  A gargoyle (D:11)
  A komodo dragon (Lair:3)
  A troll (Orc:3)
  9 blink frogs
  Prince Ribbit (Lair:1)
  A trapdoor spider zombie (D:10)
  A two-headed ogre (D:11)
  17 yaks
  2 steam dragons
  4 hippogriffs
  Eustachio (D:11)
  A deep elf fighter (D:9)
  7 wolves
  14 water moccasins
  8 wargs
  4 swamp worms (Lair:3)
  4 porcupines
  2 sky beasts
  2 ice beasts (D:8)
  12 orc warriors
  5 ogres
  2 black bears
  A phantom (D:10)
  The ghost of Alarkh the Insei, an amateur OpCK of Xom (D:3)
  2 necrophages
  4 centaurs
  3 crocodiles
  A big kobold (D:7)
  11 giant frogs
  2 gnoll sergeants
  14 killer bees
  A wyvern skeleton (D:10)
  11 wights
  3 electric eels (Lair:2)
  6 crimson imps
  A hound (D:8)
  3 giant frog zombies
  6 jellies
  2 quasits (D:9)
  A centaur skeleton (D:9)
  9 orc priests
  Crazy Yiuf (D:2)
  21 orc wizards
  Jessica (D:2)
  8 iguanas
  4 worker ants
  6 sheep (Lair:2)
  6 worker ant zombies
  11 gnolls
  21 river rats
  Natasha (D:2)
  25 adders
  A shadow imp (D:7)
  2 oozes (D:3)
  3 adder skeletons
  An adder zombie (D:9)
  4 worms (D:2)
  6 giant geckos
  89 orcs
  19 bats
  7 hobgoblins
  12 jackals
  12 kobolds
  6 quokkas
  2 ball pythons
  9 giant cockroaches
  A giant gecko skeleton (D:6)
  2 giant gecko zombies (D:5)
  8 giant newts
  12 goblins
  A quokka zombie (D:8)
  4 rats
  A fungus (D:9)
  A plant (D:9)
507 creatures vanquished.

Vanquished Creatures (collateral kills)
  Pikel (D:5)
  A blink frog (Lair:3)
  A deep elf mage (D:9)
  3 yaks
  A wolf (Lair:2)
  A centaur (D:3)
  A killer bee (D:10)
  A wight (D:8)
  Terence (D:2)
  Natasha (twice) (D:2)
  An iguana (Lair:3)
  A worker ant zombie (D:11)
  An adder (D:6)
  A gnoll (D:10)
  A river rat (Lair:3)
  An orc (D:3)
  2 kobolds
  A rat (D:9)
22 creatures vanquished.

Vanquished Creatures (others)
  A giant newt (D:5)
  3 fungi
  3 plants
7 creatures vanquished.

Grand Total: 536 creatures vanquished

Notes
Turn   | Place    | Note
--------------------------------------------------------------
     0 | D:1      | manyhoops the Demonspawn Gladiator began the quest for the Orb.
     0 | D:1      | Reached XP level 1. HP: 16/16 MP: 1/1
   144 | D:1      | Reached skill level 3 in Long Blades
   399 | D:1      | Gained mutation: A weak demonic guardian rushes to your aid. [demonic ancestry]
   399 | D:1      | Reached XP level 2. HP: 20/22 MP: 2/2
  1026 | D:2      | Noticed Crazy Yiuf
  1042 | D:2      | Noticed Jessica
  1218 | D:2      | Reached skill level 1 in Shields
  1218 | D:2      | Reached XP level 3. HP: 27/27 MP: 3/3
  1233 | D:2      | Noticed Natasha
  1242 | D:2      | Killed Natasha
  1265 | D:2      | Found a white marble altar of Elyvilon.
  1276 | D:2      | Noticed Natasha
  1351 | D:1      | HP: 1/27 [hobgoblin/club (5)]
  1644 | D:2      | Killed Natasha
  1701 | D:2      | Reached XP level 4. HP: 29/33 MP: 4/4
  1740 | D:2      | Noticed Terence
  1743 | D:2      | Noticed Natasha
  1747 | D:2      | Killed Natasha
  1755 | D:2      | Killed Terence
  1987 | D:2      | Killed Jessica
  1987 | D:2      | Gained mutation: You have a somewhat thin skeletal structure (Dex +2, Stealth). [demonic ancestry]
  1987 | D:2      | Reached XP level 5. HP: 26/38 MP: 5/5
  2138 | D:2      | Killed Crazy Yiuf
  2177 | D:2      | Reached skill level 1 in Armour
  2420 | D:3      | Reached skill level 4 in Shields
  2833 | D:3      | Noticed Alarkh's ghost (amateur OpCK)
  2849 | D:3      | Noticed a centaur
  2856 | D:3      | Killed Alarkh's ghost
  2856 | D:3      | Gained mutation: When hurt, damage is shared between your health and your magic reserves. [demonic ancestry]
  2856 | D:3      | Reached XP level 6. HP: 40/44 MP: 6/6
  2858 | D:3      | Killed a centaur
  3401 | D:4      | Noticed Menkaure
  3756 | D:5      | Entered Level 5 of the Dungeon
  3793 | D:5      | Found a staircase to the Ecumenical Temple.
  3834 | Temple   | Entered the Ecumenical Temple
  3873 | Temple   | Became a worshipper of Warmaster Okawaru
  4493 | D:5      | Noticed Pikel
  4533 | D:5      | Killed Pikel
  4533 | D:5      | Reached skill level 5 in Long Blades
  4533 | D:5      | Reached XP level 7. HP: 34/52 MP: 7/7
  4930 | D:5      | Reached XP level 8. HP: 42/58 MP: 8/8
  5093 | D:6      | Found Igin's Serpentskin Sales.
  5321 | D:6      | Reached * piety under Okawaru
  5451 | D:6      | Reached skill level 6 in Long Blades
  5689 | D:6      | Found Sayrhaun's Food Boutique.
  5832 | D:7      | Found a flagged portal.
  5838 | Bailey   | Entered a bailey
  5866 | Bailey   | HP: 2/60 [orc/bolt (4)]
  6399 | D:7      | Reached ** piety under Okawaru
  6399 | D:7      | Reached skill level 7 in Long Blades
  6399 | D:7      | Reached skill level 5 in Armour
  6564 | D:7      | Noticed Joseph
  6566 | D:7      | Gained mutation: You have sharp toenails. [demonic ancestry]
  6566 | D:7      | Reached XP level 9. HP: 67/67 MP: 9/9
  6582 | D:7      | Killed Joseph
  6582 | D:7      | Reached skill level 5 in Fighting
  7346 | D:8      | Gained mutation: You are occasionally teleported next to monsters. [mutagenic meat]
  7347 | D:8      | Gained mutation: You evolve. [mutagenic meat]
  7348 | D:8      | Lost mutation: You evolve. [potion of cure mutation]
  7348 | D:8      | Lost mutation: You are occasionally teleported next to monsters. [potion of cure mutation]
  7349 | D:8      | Gained mutation: You evolve. [mutagenic meat]
  7412 | D:8      | Reached *** piety under Okawaru
  7673 | D:8      | Reached skill level 8 in Long Blades
  8495 | D:9      | Gained mutation: You regenerate magic rapidly. [demonic ancestry]
  8495 | D:9      | Reached XP level 10. HP: 72/77 MP: 10/10
  8539 | D:9      | Gained mutation: You are resistant to hostile enchantments. [evolution]
  8565 | D:9      | Reached **** piety under Okawaru
  8895 | D:9      | Found a staircase to the Lair.
  9146 | D:9      | Found a bloodstained altar of Trog.
  9149 | D:9      | Found a stormy altar of Qazlal.
  9152 | D:9      | Found a sparkling altar of Nemelex Xobeh.
  9191 | Lair:1   | Entered Level 1 of the Lair of Beasts
  9201 | Lair:1   | Noticed Prince Ribbit
  9215 | Lair:1   | Reached skill level 9 in Long Blades
  9220 | Lair:1   | Killed Prince Ribbit
  9441 | D:9      | Reached ***** piety under Okawaru
  9472 | D:10     | Entered Level 10 of the Dungeon
  9487 | D:10     | Found a portal to a secret trove of treasure.
  9845 | D:10     | Reached skill level 10 in Long Blades
  9922 | D:10     | Received a gift from Okawaru
 10054 | D:10     | Gained mutation: Your magical capacity is low (-10% MP). [evolution]
 10267 | D:11     | Found a blossoming altar of Fedhas.
 10277 | D:11     | Gained mutation: You can spit weak poison. [potion of mutation]
 10380 | D:11     | Gained mutation: You have razor-sharp toenails. [demonic ancestry]
 10380 | D:11     | Reached XP level 11. HP: 63/86 MP: 9/9
 10420 | D:11     | Noticed a deep elf knight
 10685 | D:11     | Received a gift from Okawaru
 10712 | D:11     | Got a bloodstained demon blade {god gift}
 10714 | D:11     | Identified the +0 demon blade of Ceajedgha {drain, +Fly Str+6 Int-2} (Okawaru gifted it to you on level 11 of the Dungeon)
 10839 | D:11     | Found a staircase to the Orcish Mines.
 10844 | D:11     | Noticed Eustachio
 10855 | D:11     | Killed Eustachio
 10861 | D:11     | Noticed an orc knight
 10862 | D:11     | Noticed Harold
 10862 | D:11     | Noticed a wizard
 11480 | Lair:1   | Reached skill level 11 in Long Blades
 11521 | Lair:1   | Noticed a black mamba
 11527 | Lair:1   | Killed a black mamba
 11793 | Lair:1   | Reached ****** piety under Okawaru
 12033 | Lair:1   | Received a gift from Okawaru
 12562 | Lair:2   | Reached skill level 12 in Long Blades
 12849 | Lair:2   | Lost mutation: Your magical capacity is low (-10% MP). [evolution]
 13650 | Lair:2   | Received a gift from Okawaru
 13719 | Lair:3   | Gained mutation: You have claws for feet. [demonic ancestry]
 13719 | Lair:3   | Reached XP level 12. HP: 95/95 MP: 12/12
 13885 | Lair:3   | Found a staircase to the Swamp.
 14134 | Lair:3   | Reached skill level 13 in Long Blades
 14347 | Lair:3   | Reached skill level 14 in Long Blades
 14347 | Lair:3   | Gained mutation: Your flesh is cold resistant. [demonic ancestry]
 14347 | Lair:3   | Reached XP level 13. HP: 81/101 MP: 18/18
 14362 | Lair:3   | Noticed a four-headed hydra
 14407 | Lair:3   | Killed a four-headed hydra
 15076 | D:11     | Killed Harold
 15459 | D:10     | Killed an orc knight
 15459 | D:10     | Received a gift from Okawaru
 15488 | D:11     | Killed a deep elf knight
 15752 | Orc:1    | Entered Level 1 of the Orcish Mines
 16184 | Orc:2    | Found a roughly hewn altar of Beogh.
 16659 | Orc:3    | Found a staircase to the Elven Halls.
 17241 | Orc:3    | Received a gift from Okawaru
 17262 | Orc:3    | Gained mutation: You have a pair of small horns on your head. [evolution]
 17364 | Orc:4    | Entered Level 4 of the Orcish Mines
 17364 | Orc:4    | Found Redara's Book Emporium.
 17372 | Orc:4    | Found Otoocoex's Distillery.
 17397 | Orc:4    | Bought a potion of heal wounds for 70 gold pieces
 17397 | Orc:4    | Bought a potion of berserk rage for 70 gold pieces
 17397 | Orc:4    | Bought a potion of might for 56 gold pieces
 17397 | Orc:4    | Bought a potion of curing for 42 gold pieces
 17495 | Orc:4    | Reached skill level 10 in Fighting
 17687 | Orc:4    | HP: 5/103 [orange demon[an orc sorcerer] (1)]
 17687 | Orc:4    | HP: 2/103 [rust devil[an orc sorcerer] (2)]
 17688 | Orc:4    | Slain by an orange demon

Action                   |  1- 3 |  4- 6 |  7- 9 | 10-12 | 13-15 || total
-------------------------+-------+-------+-------+-------+-------++-------
Melee: Long sword        |   180 |   354 |   528 |   446 |       ||  1508
       Demon blade       |       |       |       |   420 |   461 ||   881
       Spear             |       |       |       |       |    13 ||    13
Invok: Heroism           |       |       |       |     3 |     2 ||     5
Evoke: Wand              |       |       |       |       |     2 ||     2
  Use: Scroll            |       |     9 |    11 |    14 |     5 ||    39
       Potion            |       |     2 |     4 |     8 |     4 ||    18
 Stab: Distracted        |     1 |       |     1 |     4 |       ||     6
  Eat: Chunk             |     3 |     9 |    11 |     9 |     3 ||    35
       Fruit             |       |       |     3 |       |       ||     3
       Bread ration      |       |       |     1 |     2 |       ||     3
       Royal jelly       |       |       |     1 |       |     1 ||     2
       Meat ration       |       |       |       |     1 |       ||     1
